 Dungeon Crawl Stone Soup version 0.30.1-4-g462c640d31 (webtiles) character file.

Game seed: 14307717294603392809

113 pkoi the Conjurer (level 4, 0/33 HPs)
             Began as a Draconian Conjurer on Sept 5, 2023.
             Killed from afar by an orc wizard (8 damage)
             ... with a puff of flame
             ... on level 3 of the Dungeon.
             The game lasted 00:02:30 (3507 turns).

pkoi the Conjurer (Draconian Conjurer)              Turns: 3507, Time: 00:02:31

Health: 0/33       AC:  5    Str:  9    XL:     4   Next: 65%
Magic:  4/7        EV: 12    Int: 21    God:
Gold:   162        SH:  0    Dex:  9    Spells: 4/7 levels left

rFire   . . .        c - +1 dagger
rCold   . . .        (no shield)
rNeg    . . .        (body armour unavailable)
rPois   .            (helmet restricted)
rElec   .            (no cloak)
rCorr   .            (no gloves)
SInv    .            (no boots)
Will    .....        (no amulet)
Stlth   +            (no ring)
HPRegen 0.25/turn    (no ring)
MPRegen 0.10/turn

%: no passive effects
@: confused
A: AC +5, unfitting armour, cold-blooded
a: no special abilities


You were on level 3 of the Dungeon.
You visited 1 branch of the dungeon, and saw 3 of its levels.

You collected 162 gold pieces.

Inventory:

Hand Weapons
 c - a +1 dagger (weapon)
Missiles
 f - 3 boomerangs
Jewellery
 g - a ring of willpower
 h - an amulet of regeneration
 o - a ring of protection from fire
Scrolls
 e - a scroll of amnesia
 j - a scroll of brand weapon {unknown}
Potions
 a - a potion of magic
 b - a potion of brilliance {unknown}
 d - a potion of might
 i - a potion of haste {unknown}


   Skills:
 - Level 1.7 Dodging
 - Level 1.7 Stealth
 - Level 2.0 Spellcasting
 + Level 6.1 Conjurations


You had 4 spell levels left.
You knew the following spells:

 Your Spells              Type           Power      Damage    Failure   Level
a - Magic Dart            Conj           100%       1d8       1%          1
b - Searing Ray           Conj           54%        2d6       1%          2

Your spell library contained the following spells:

 Spells                   Type           Power      Damage    Failure   Level
 Momentum Strike          Conj/Tloc      28%        3d8       6%          2
 Dazzling Flash           Conj/Hex       28%        N/A       13%         3
 Hailstorm                Conj/Ice       14%        3d5       13%         3
 Freeze                   Ice            8%         1d3       14%         1
 Blink                    Tloc           4%         N/A       22%         2
 Lesser Beckoning         Tloc           4%         N/A       22%         2
 Fulminant Prism          Conj/Hex       7%         3d6       38%         4
 Iskenderun's Mystic Bla  Conj/Tloc      14%        2d5       38%         4
 Frozen Ramparts          Ice            4%         1d1       41%         3


Dungeon Overview and Level Annotations

Branches:
Dungeon (3/15)

Altars:

Shops:
D:2 ?


Innate Abilities, Weirdness & Mutations

Your plain brown scales are hard. (AC +5)
You cannot fit into any form of body armour.
You are cold-blooded and may be slowed by cold attacks.


Message History

As you read the scroll labelled HYHI TAOVE, it crumbles to dust.
It is a scroll of amnesia.
Really abort (and waste the scroll)?
Okay, then.
Your surroundings suddenly seem different.
Found an escape hatch in the floor.
Found a stone staircase leading down.
You can't see any susceptible monsters within range! (Use Z to cast anyway.)
Found a stone staircase leading down.
You open the door.
j - a scroll labelled JOECHA TOCLI An orc priest and an orc come into view.
An orc wizard and 2 orcs come into view.
Found 16 gold pieces.
The orc shouts!
The orc wizard shouts!
The orc shouts!
An orc priest is nearby!
An orc priest is nearby!
An orc priest is nearby!
The magic dart hits the orc priest but does no damage.
Your goblin dissolves into shadows!
The orc priest miscasts a cantrip.
The magic dart hits the orc priest.
The orc priest is lightly wounded.
The orc priest mumbles some strange prayers to Beogh against you.
Beogh smites you!
The magic dart hits the orc priest!
The orc priest is heavily wounded.
The orc priest hits your quokka but does no damage.
The orc wizard points at you and mumbles some strange words.
You are confused.
Unknown command.
Your quokka barely misses the orc priest.
The orc priest calls down the wrath of Beogh upon you.
Beogh smites you!
Your quokka dissolves into shadows!
The orc priest calls down the wrath of Beogh upon you.
Pain shoots through your body!
* * * LOW HITPOINT WARNING * * *
The orc wizard casts a spell at you. The puff of flame hits you!
You die...

#.##...o.##.#
#.#
#.#...o...#.#
#..
#.#.ooo.~.#.#
#.##
#.#.......#.#
.#
#.#.......#.#
#.#


oo.. #.# #.# ยง...~ #.# #.#...... #@....... #####.... ## You could see an orc
priest and an orc wizard.

Vanquished Creatures
  An orc wizard (D:3)
  3 adders
  A worm (D:2)
  A dart slug (D:2)
  2 bats
  3 endoplasms
  5 giant cockroaches
  8 goblins
  3 hobgoblins
  5 jackals
  4 kobolds
  2 quokkas (D:1)
  7 ball pythons
  3 frilled lizards
  2 rats
50 creatures vanquished.

Notes
Turn   | Place    | Note
-------+----------+-------------------------------------------
     0 | D:1      | pkoi the Draconian Conjurer began the quest for the Orb.
     0 | D:1      | Reached XP level 1. HP: 14/14 MP: 3/3
   526 | D:1      | Reached XP level 2. HP: 20/20 MP: 0/5
  1253 | D:1      | Reached skill level 5 in Conjurations
  1447 | D:2      | Reached XP level 3. HP: 26/26 MP: 1/6
  1610 | D:2      | Found Cyjok's Magic Scroll Boutique.
  1955 | D:2      | Learned a level 2 spell: Searing Ray
  3195 | D:3      | Reached XP level 4. HP: 28/33 MP: 1/7
  3284 | D:3      | Reached skill level 6 in Conjurations
  3507 | D:3      | Killed from afar by an orc wizard

Illustrated notes

Levels and vault maps discovered:
D:1:      scummos_arrival_checkerplants, layout_basic, kennysheep_nondescript,
          kennysheep_small_spiral
D:2:      layout_basic, serial_shops, shop, serial_forest,
          infiniplex_forest_end_1, infiniplex_forest_end_2,
          infiniplex_forest_lined_3, infiniplex_forest_lined_corner,
          infiniplex_forest_corner_1, infiniplex_forest_clump_long,
          minmay_tetromino_o4
D:3:      cheibrodos_pilgrimage, layout_basic, uniq_terence

Skill      XL: |  1  2  3  4 |
---------------+-------------+-----
Conjurations   | 5 6 |  6.1
Dodging        | |  1.7
Stealth        | |  1.7
Spellcasting   | |  2.0

Action                     |  1- 3 |  4- 6 || total
---------------------------+-------+-------++-------
  Melee: Dagger            |    22 |    11 ||    33
         Tailslap          |     3 |     2 ||     5
   Cast: Magic Dart        |    92 |    14 ||   106
    Use: Scroll            |       |     7 ||     7
 Armour: Skin              |     3 |     3 ||     6
  Dodge: Dodged            |    16 |    11 ||    27
